 Dungeon Crawl Stone Soup version 0.31-a0-233-g139696dc86 (webtiles) character file.

Game seed: 12177846809268878125

176 qw the Shooter (level 5, -1/30 HPs)
             Began as a Gargoyle Hexslinger on July 7, 2023.
             Slain by a lemure (3 damage)
             ... led by Pikel
             ... on level 3 of the Dungeon.
             The game lasted 00:00:55 (2415 turns).

qw the Shooter (Gargoyle Hexslinger)                Turns: 2415, Time: 00:00:55

Health: -1/30      AC: 11    Str: 17    XL:     5   Next: 56%
Magic:  6/6        EV: 11    Int: 14    God:
Gold:   199        SH:  0    Dex: 14    Spells: 5/6 levels left

rFire   . . .        Y - +1 sling
rCold   . . .        (no shield)
rNeg    + . .        f - +0 ring mail
rPois   inf          (no helmet)
rElec   +            a - +1 cloak
rCorr   .            (no gloves)
SInv    .            (no boots)
Will    .....        (no amulet)
Stlth   +            h - +6 ring of strength
HPRegen 0.25/turn    (no ring)
MPRegen 0.10/turn

%: no passive effects
@: about to teleport
A: sickness immunity, AC +4, negative energy resistance 1, electricity
resistance, torment resistance 1, petrification resistance
a: no special abilities


You were on level 3 of the Dungeon.
You visited 1 branch of the dungeon, and saw 4 of its levels.

You collected 199 gold pieces.


Innate Abilities, Weirdness & Mutations

You are immune to sickness and miasma.
Your stone body is resilient. (AC +4)
You are immune to poison.
You resist negative energy. (rN+)
You are resistant to electric shocks. (rElec)
You are resistant to unholy torment.
You are immune to petrification.


   Skills:
 + Level 2.2 Fighting
 - Level 5.0 Ranged Weapons
 - Level 1.3 Armour
 - Level 1.5 Dodging
 - Level 1.0 Spellcasting
 - Level 2.6 Hexes


You had 5 spell levels left.
You knew the following spells:

 Your Spells              Type           Power      Damage    Failure   Level
a - Slow                  Hex            32%        N/A       16%         1

Your spell library contained the following spells:

 Spells                   Type           Power      Damage    Failure   Level
 Inner Flame              Hex/Fire       4%         N/A       63%         3
 Portal Projectile        Hex/Tloc       8%         N/A       63%         3
 Cause Fear               Hex            4%         N/A       85%         4

Inventory:

Hand Weapons
 Y - a +1 sling (weapon)
Armour
 a - a +1 cloak (worn)
 f - a +0 ring mail (worn)
Jewellery
 h - a +6 ring of strength (left hand)
Potions
 e - a potion of invisibility {unknown}
 g - a potion of enlightenment

Dungeon Overview and Level Annotations

Branches:
Dungeon (4/15)
 Temple: D:4-7

Altars:
Qazlal

Annotations:
D:4 Pikel


Message History

You shoot a sling bullet. The sling bullet hits the lemure.
The lemure is moderately wounded.
The adder bites you but does no damage. The lemure barely misses you.
The adder barely misses you.
Pikel drinks a potion.
Pikel seems to grow stronger.
You shoot a sling bullet.
The sling bullet closely misses the lemure.
The adder misses you. The lemure hits you.
The lemure hits you but does no damage. The lemure hits you.
2408 ||| STAIRDANCE The adder bites you but does no damage.
The lemure hits you but does no damage. x2
The lemure barely misses you. The adder bites you but does no damage.
You climb upwards.
There is a stone staircase leading down here.
You shoot a sling bullet.
The sling bullet barely misses the lemure.
The adder misses you. The lemure barely misses you.
The lemure hits you but does no damage. x2
You shoot a sling bullet. The sling bullet hits the lemure.
The lemure is heavily wounded.
The adder barely misses you. The lemure hits you. x2
The lemure hits you but does no damage. The adder barely misses you.
You shoot a sling bullet.
The sling bullet closely misses the lemure.
The lemure barely misses you. The lemure closely misses you. x2
The adder bites you but does no damage. The lemure misses you.
The lemure closely misses you. The lemure hits you but does no damage.
You shoot a sling bullet. The sling bullet hits the lemure!
The lemure is severely wounded.
The adder bites you but does no damage. The adder misses you.
The lemure hits you. The lemure closely misses you. The lemure hits you.
You shoot a sling bullet. The sling bullet hits the lemure.
The lemure is almost dead.
The adder closely misses you. The lemure misses you.
The lemure closely misses you. The lemure hits you!
2415 ||| READING scroll of teleportation.
As you read the scroll of teleportation, it crumbles to dust.
You feel strangely unstable. The adder closely misses you. The lemure hits you.
You die...

##........#..#####~..~~~..~#...#
######..........#.~~~~~~~.#...#
##..#.#.####.........#..##
#####.#...##..#########..##
#####.......#..#.## ####
#.....##.........#
..######.........#
.#######.......55#
##.............5@#
##.#######.#####S##############
...# ###...##.........#...#...##
.###
#...####..................## ##
#.### #...................# #.#
#...................# #.#
#...................# #.#
#..................## ######.#
#........>#...#...##


You could see 3 lemures and an adder.

Vanquished Creatures
  A scorpion (D:2)
  An orc wizard (D:3)
  4 adders
  A worm (D:3)
  3 orcs (D:3)
  3 ball pythons
  8 endoplasms
  4 giant cockroaches
  4 goblins
  6 hobgoblins
  4 kobolds
  2 quokkas
  3 bats (D:1)
  A frilled lizard (D:3)
  3 rats
48 creatures vanquished.

Notes
Turn   | Place    | Note
-------+----------+-------------------------------------------
     0 | D:1      | qw the Gargoyle Hexslinger began the quest for the Orb.
     0 | D:1      | Reached XP level 1. HP: 12/12 MP: 2/2
     0 | D:1      | 0 ||| qw: Version: 0.3-a-46-gb1f654a
     0 | D:1      | 0 ||| qw: Game counter: 3128
     0 | D:1      | 0 ||| qw: Melee chars always use a shield: true
     0 | D:1      | 0 ||| qw: God list: Okawaru
     0 | D:1      | 0 ||| qw: Allow faded altars: false
     0 | D:1      | 0 ||| qw: Do Orc after clearing Dungeon:15 true
     0 | D:1      | 0 ||| qw: Do second Lair branch before Depths: true
     0 | D:1      | 0 ||| qw: Lair rune preference: random
     0 | D:1      | 0 ||| qw: Goals: Normal
     0 | D:1      | 0 ||| PLANNING D:1-11
     2 | D:1      | Noticed a gargoyle
     2 | D:1      | Noticed a spriggan
     4 | D:1      | Noticed a meteoran
     4 | D:1      | Noticed an armataur
     6 | D:1      | Noticed a draconian
     6 | D:1      | Noticed a vampire
     8 | D:1      | Noticed a ghoul
     8 | D:1      | Noticed a troll
    10 | D:1      | Noticed a demonspawn
    10 | D:1      | Noticed a minotaur
    12 | D:1      | Noticed a naga
    12 | D:1      | Noticed a demigod
    14 | D:1      | Noticed an ogre
    14 | D:1      | Noticed an octopode
    18 | D:1      | Noticed a merfolk
    18 | D:1      | Noticed a vine stalker
    20 | D:1      | Noticed a felid
    20 | D:1      | Noticed a formicid
    22 | D:1      | Noticed a human
    24 | D:1      | Noticed an ogre
    24 | D:1      | Noticed an elf
    26 | D:1      | Noticed a minotaur
    26 | D:1      | Noticed a demigod
   135 | D:1      | Reached XP level 2. HP: 7/16 MP: 3/3
   233 | D:1      | Reached skill level 3 in Ranged Weapons
   306 | D:1      | You fall into a shaft and drop 1 floor!
   431 | D:2      | Reached XP level 3. HP: 13/21 MP: 4/4
   520 | D:2      | Noticed a scorpion
   532 | D:2      | Killed a scorpion
   533 | D:2      | Reached skill level 4 in Ranged Weapons
   533 | D:2      | Reached XP level 4. HP: 12/26 MP: 5/5
   919 | D:2      | 919 ||| UPGRADING to +0 leather armour.
   929 | D:2      | 929 ||| DROPPING +0 robe.
   930 | D:2      | 930 ||| UPGRADING to +0 ring mail.
   940 | D:2      | 940 ||| DROPPING +0 leather armour.
   941 | D:2      | 941 ||| UPGRADING to +6 ring of strength.
   942 | D:2      | 942 ||| DROPPING ring of wizardry.
   943 | D:2      | 943 ||| DRINKING 2 sedimented blue potions.
   944 | D:2      | 944 ||| DRINKING 2 sapphire potions.
   945 | D:2      | 945 ||| DROPPING scroll of poison.
   975 | D:1      | Found a faded altar of an unknown god.
  1295 | D:1      | 1295 ||| UPGRADING to +0 cloak.
  1432 | D:2      | Reached skill level 1 in Armour
  1448 | D:2      | Reached XP level 5. HP: 24/30 MP: 6/6
  1703 | D:2      | 1703 ||| READING scroll labelled XUKUSHR DUNOOSH.
  1704 | D:2      | 1704 ||| READING scroll labelled VULOUR ZOMEZ.
  1705 | D:2      | 1705 ||| READING scroll labelled HOTWEU YTAKI.
  2100 | D:3      | HP: 7/30 [orc/+0 hand axe (5)]
  2101 | D:3      | 2101 ||| DRINKING potion of curing.
  2101 | D:3      | 2101 ||| (to cure confusion)
  2123 | D:3      | Reached skill level 5 in Ranged Weapons
  2261 | D:3      | Found a stormy altar of Qazlal.
  2378 | D:3      | 2378 ||| UPGRADING to +1 cloak.
  2388 | D:3      | 2388 ||| DROPPING +0 cloak.
  2389 | D:3      | 2389 ||| READING 2 scrolls labelled OGYUGU VIME.
  2400 | D:4      | Noticed a lemure
  2400 | D:4      | Noticed a lemure
  2401 | D:4      | Noticed a lemure
  2401 | D:4      | Noticed a lemure
  2401 | D:4      | Noticed Pikel
  2408 | D:4      | 2408 ||| STAIRDANCE
  2414 | D:3      | HP: 2/30 [lemure[Pikel] (8)]
  2415 | D:3      | 2415 ||| READING scroll of teleportation.
  2415 | D:3      | Slain by a lemure

Levels and vault maps discovered:
D:1:      kb_arrival_jail, layout_loops_ring,
          shapermc_ecumenical_altar_mp_highgroup
D:2:      layout_loops_corners
D:3:      layout_rooms, mainiacjoe_overflow_paths, kennysheep_generic_room_3
D:4:      layout_basic, uniq_ijyb, uniq_pikel

Skill      XL: |  1  2  3  4  5 |
---------------+----------------+-----
Ranged Weapons | 3 4 5 |  5.0
Fighting       | 2 |  2.2
Armour         | 1 |  1.3
Dodging        | |  1.5
Spellcasting   | |  1.0
Hexes          | |  2.6

Action                     |  1- 3 |  4- 6 || total
---------------------------+-------+-------++-------
   Fire: Sling             |    70 |   154 ||   224
    Use: Potion            |       |     3 ||     3
         Scroll            |       |     5 ||     5
 Armour: Robe              |    11 |       ||    11
         Ring mail         |       |    54 ||    54
  Dodge: Dodged            |    14 |    71 ||    85

Table legend:
 A = Non-vault XP
 B = Vault XP
 C = Vault XP percentage of total XP
 D = Non-vault monster count
 E = Vault monster count
 F = Vault count percentage of total count
                 A         B        C        D         E       F
            +---------+---------+-------+---------+---------+-------
      Total |     252 |       0 |   0.0 |      48 |       0 |   0.0
            +---------+---------+-------+---------+---------+-------
        D:1 |      36 |       0 |   0.0 |      21 |       0 |   0.0
        D:2 |     144 |       0 |   0.0 |      15 |       0 |   0.0
        D:3 |      71 |       0 |   0.0 |      11 |       0 |   0.0
        D:4 |       1 |       0 |   0.0 |       1 |       0 |   0.0
            +---------+---------+-------+---------+---------+-------
